Construct Section Command Post
Construct Platoon Command Post
Construct Field Infirmary
Construct Field Infirmary
Unlock Bishop Self-propelled Artillery
Bishop Self-propelled Artillery
6-pounder Anti-tank Gun Team
Bishop Self-propelled Artillery
6-pounder Anti-tank Gun Team
Construct Company Command Post
Bishop Self-propelled Artillery
Unlock Towed 17-pounder Anti-tank Guns
Selects Air and Sea Battlegroup
Selects Commando Section Paradrop
Selects Commando Support Section Paradrop
Selects Anti-tank Rocket Loiter
17-pounder Anti-tank Gun Team
17-pounder Anti-tank Gun Team
17-pounder Anti-tank Gun Team
Selects Naval Bombardment
Bishop Self-propelled Artillery